Map: Newkirk Precinct TE (Void)

Players

Patience

  • Race: Protoss Protoss
  • Spawn Location: 5:00

TRUE - Winner!

  • Race: Zerg Zerg
  • Spawn Location: 7:00

Event: IEM XI Katowice - World Championship 2017

VOD

Have the link to the VOD?

Description

Time

  • Played on: March 3, 2017, 6:46 a.m.
  • Length: 13:03

All games in this series

Show
View Real Time Build Order
Export as new Build Order

Patience Protoss 

Build Orders: Oracle Opening 

Get SALT Encoding   

  12  0:00  Probe (Chrono Boost)  
  13  0:11  Probe (Chrono Boost)  
  14  0:20  Pylon  
  14  0:22  Probe (Chrono Boost)  
  15  0:38  Probe (Chrono Boost)  
  15  0:39  Gateway  
  16  0:45  Assimilator  
  16  0:48  Probe (Chrono Boost)  
  17  0:59  Probe (Chrono Boost)  
  18  1:09  Probe (Chrono Boost)  
  19  1:20  Probe (Chrono Boost)  
  19  1:21  Forge  
  19  1:24  Zealot  
  20  1:32  Pylon, Probe (Chrono Boost)  
  23  1:40  Pylon  
  24  1:58  Photon Cannon  
  24  1:59  Photon Cannon  
  23  2:03  Pylon  
  23  2:06  Pylon  
  23  2:14  Photon Cannon  
  23  2:31  Photon Cannon  
  23  2:35  Cybernetics Core, Probe (Chrono Boost)  
  24  2:46  Probe (Chrono Boost)  
  24  2:49  Assimilator  
  24  2:58  Probe (Chrono Boost)  
  24  3:12  Stargate  
  24  3:13  Mothership Core (Chrono Boost)  
  28  3:32  Probe (Chrono Boost)  
  29  3:37  Nexus  
  29  3:41  Warp Gate  
  27  3:45  Probe (Chrono Boost)  
  28  3:48  Adept  
  28  3:53  Oracle  
  30  4:02  Probe (Chrono Boost)  
  34  4:07  Pylon  
  34  4:14  Probe (Chrono Boost)  
  35  4:25  Pylon  
  35  4:27  Probe (Chrono Boost)  
  38  4:37  Void Ray  
  36  4:40  Probe (Chrono Boost)  
  41  4:50  Probe (Chrono Boost)  
  43  4:53  Probe (Chrono Boost)  
  43  5:00  Probe (Chrono Boost)  
  43  5:05  Probe (Chrono Boost)  
  45  5:11  Probe (Chrono Boost)  
  46  5:16  Probe (Chrono Boost)  
  47  5:21  Probe (Chrono Boost)  
  47  5:23  Nexus  
  47  5:26  Probe (Chrono Boost)  
  49  5:32  Pylon, Probe (Chrono Boost)  
  50  5:37  Probe (Chrono Boost)  
  50  5:41  Void Ray  
  56  5:42  Probe (Chrono Boost)  
  56  5:48  Probe (Chrono Boost)  
  57  5:53  Probe (Chrono Boost)  
  57  5:56  Assimilator  
  58  5:58  Probe (Chrono Boost)  
  58  6:00  Stargate  
  58  6:01  Assimilator  
  58  6:03  Probe (Chrono Boost)  
  60  6:09  Probe (Chrono Boost)  
  61  6:14  Stargate  
  61  6:15  Probe (Chrono Boost)  
  60  6:19  Probe (Chrono Boost), Void Ray  
  66  6:27  Probe (Chrono Boost)  
  66  6:30  Probe (Chrono Boost)  
  67  6:34  Adept  
  67  6:36  Pylon, Probe (Chrono Boost)  
  67  6:39  Probe (Chrono Boost)  
  71  6:40  Oracle  
  71  6:41  Probe (Chrono Boost)  
  71  6:46  Probe (Chrono Boost)  
  76  6:51  Probe (Chrono Boost)  
  76  6:53  Probe (Chrono Boost)  
  78  6:57  Probe (Chrono Boost)  
  79  7:02  Probe (Chrono Boost)  
  79  7:05  Probe (Chrono Boost)  
  79  7:07  Probe (Chrono Boost)  
  82  7:08  Assimilator  
  82  7:09  Fleet Beacon  
  82  7:12  Probe (Chrono Boost), Protoss Air Weapons Level 1, Assimilator  
  83  7:15  Pylon  
  83  7:17  Probe (Chrono Boost)  
  83  7:18  Probe (Chrono Boost)  
  85  7:23  Probe (Chrono Boost)  
  85  7:28  Probe (Chrono Boost)  
  85  7:29  Probe (Chrono Boost)  
  88  7:32  Pylon  
  88  7:33  Pylon, Probe (Chrono Boost)  
  88  7:35  Forge  
  88  7:39  Probe (Chrono Boost)  
  88  7:41  Probe (Chrono Boost)  
  89  7:46  Void Ray  
  89  7:47  Adept  
  88  7:51  Void Ray  
  88  7:52  Void Ray  
  100  8:03  Photon Cannon x2  
  96  8:10  Probe (Chrono Boost)  
  96  8:11  Probe (Chrono Boost)  
  96  8:12  Adept, Probe (Chrono Boost)  
  101  8:26  Void Ray  
  101  8:30  Photon Cannon  
  101  8:31  Photon Cannon  
  101  8:33  Photon Cannon  
  105  8:34  Void Ray  
  105  8:40  Gateway  
  109  8:41  Gateway  
  109  8:47  Void Ray  
  109  8:50  Adept  
  103  8:56  Mothership Core (Chrono Boost)  
  103  9:06  Gateway  
  103  9:07  Gateway  
  103  9:09  Void Ray  
  103  9:10  Photon Cannon  
  103  9:12  Photon Cannon  
  103  9:13  Sentry  
  103  9:14  Pylon  
  109  9:27  Protoss Ground Weapons Level 1  
  109  9:29  Pylon  
  109  9:30  Pylon  
  109  9:35  Void Ray  
  107  9:43  Void Ray  
  106  9:50  Adept x3  
  114  9:57  Pylon  
  114  10:02  Sentry  
  114  10:03  Pylon  
  114  10:06  Sentry, Void Ray  
  115  10:17  Sentry x3  
  122  10:21  Probe x2 (Chrono Boost)  
  122  10:22  Probe (Chrono Boost)  
  114  10:33  Adept x2  
  109  10:43  Assimilator, Probe x3 (Chrono Boost)  
  109  10:48  Photon Cannon  
  109  10:50  Pylon, Sentry  
  109  10:51  Carrier  
  109  10:55  Carrier  
  109  10:56  Photon Cannon  
  113  10:57  Mothership Core (Chrono Boost), Photon Cannon  
  113  10:59  Carrier  
  113  11:00  Pylon  
  123  11:19  Adept x4  
  123  11:20  Adept  
  133  11:28  Photon Cannon  
  133  11:47  Adept  
  133  11:48  Adept x4  
  131  12:02  Pylon  
  129  12:08  Adept  
  129  12:09  Adept x3  
  129  12:11  Adept  
  103  12:29  Adept x2  
  102  12:30  Adept x2  
  106  12:40  Adept  
  96  12:50  Adept  
  96  12:51  Adept x3  
Show
View Real Time Build Order
Export as new Build Order

TRUE Zerg - Winner!

Build Orders: 3 Hatch before Pool 

Get SALT Encoding   

  12  0:00  Drone  
  13  0:12  Overlord  
  13  0:17  Drone  
  14  0:31  Drone x2  
  16  0:51  Hatchery  
  16  0:55  Drone  
  16  1:16  Hatchery  
  15  1:21  Drone  
  16  1:35  Spawning Pool  
  16  1:39  Drone  
  16  1:42  Extractor  
  16  1:44  Drone  
  16  1:48  Drone  
  16  1:52  Drone  
  18  2:01  Drone  
  19  2:03  Drone  
  20  2:25  Queen  
  20  2:27  Zergling x2  
  20  2:28  Zergling x2  
  20  2:29  Zergling x2  
  24  2:40  Spine Crawler  
  24  2:53  Drone x2  
  24  2:56  Drone  
  27  3:05  Drone x2  
  28  3:06  Overlord  
  28  3:24  Queen  
  28  3:25  Drone x3  
  28  3:27  Drone  
  34  3:32  Drone  
  35  3:51  Overlord, Drone  
  36  3:58  Hatchery  
  36  4:00  Overlord  
  36  4:01  Drone  
  36  4:08  Drone  
  36  4:12  Queen  
  38  4:18  Spore Crawler  
  38  4:19  Drone  
  38  4:26  Queen  
  38  4:30  Drone  
  41  4:31  Drone  
  41  4:33  Drone  
  41  4:37  Drone  
  41  4:38  Drone  
  45  4:44  Metabolic Boost  
  45  4:55  Drone  
  45  4:56  Drone x6  
  45  4:59  Overlord  
  52  5:05  Overlord  
  52  5:09  Overlord  
  52  5:11  Drone x2  
  54  5:14  Evolution Chamber  
  54  5:15  Drone  
  54  5:16  Drone  
  55  5:21  Spore Crawler  
  55  5:22  Drone  
  55  5:23  Drone  
  55  5:24  Drone  
  55  5:26  Drone  
  59  5:28  Drone  
  59  5:29  Drone  
  59  5:31  Drone  
  59  5:35  Drone x2  
  63  5:36  Drone  
  63  5:38  Drone  
  63  5:40  Drone x2  
  63  5:42  Drone  
  67  5:46  Lair  
  67  5:51  Drone x3  
  67  5:53  Extractor, Drone  
  67  5:55  Drone x2  
  67  5:57  Drone  
  73  6:02  Overlord  
  73  6:04  Extractor  
  73  6:05  Zerg Missile Weapons Level 1  
  73  6:06  Extractor  
  73  6:07  Overlord  
  73  6:09  Overlord  
  71  6:16  Overlord  
  71  6:21  Extractor  
  71  6:22  Drone x3  
  71  6:23  Overlord  
  73  6:27  Extractor, Drone x2  
  73  6:28  Drone  
  75  6:36  Drone  
  76  6:42  Queen  
  76  6:43  Queen  
  76  6:46  Hatchery, Drone x2  
  81  6:50  Hydralisk Den, Drone  
  81  6:54  Zergling x6  
  81  6:55  Zergling x18  
  81  6:58  Drone  
  81  6:59  Queen  
  81  7:00  Overlord  
  96  7:03  Overlord  
  96  7:05  Zergling x2  
  96  7:06  Zergling x4  
  99  7:09  Zergling x2  
  99  7:12  Overlord  
  100  7:20  Muscular Augments  
  100  7:27  Queen x2  
  100  7:28  Overlord x4  
  102  7:48  Hydralisk x9  
  102  7:50  Hydralisk  
  114  7:54  Hydralisk  
  114  7:55  Hydralisk  
  114  7:56  Hydralisk  
  108  8:00  Hydralisk  
  104  8:08  Drone x4  
  108  8:15  Hydralisk x3  
  108  8:17  Hydralisk  
  108  8:19  Hydralisk  
  115  8:24  Zerg Missile Weapons Level 2  
  115  8:25  Hydralisk  
  118  8:28  Hydralisk, Drone  
  118  8:33  Hydralisk x2  
  124  8:35  Hydralisk  
  124  8:38  Hydralisk  
  124  8:40  Hydralisk  
  130  8:43  Hydralisk  
  130  8:45  Hydralisk  
  132  8:54  Hydralisk x2  
  132  8:55  Hydralisk x2  
  128  8:58  Hydralisk  
  128  9:01  Hydralisk  
  128  9:02  Hydralisk  
  130  9:07  Hydralisk, Drone  
  133  9:10  Hydralisk, Drone  
  133  9:16  Hydralisk x2  
  133  9:17  Hydralisk  
  136  9:19  Hydralisk  
  136  9:22  Hydralisk  
  146  9:27  Hydralisk x2  
  146  9:29  Hydralisk  
  150  9:34  Hydralisk  
  150  9:36  Hydralisk x2  
  144  9:41  Hydralisk  
  144  9:42  Hydralisk  
  144  9:44  Hydralisk  
  144  9:52  Hydralisk x2  
  128  9:54  Hydralisk  
  128  9:58  Drone x2  
  128  9:59  Hydralisk  
  138  10:00  Extractor  
  138  10:03  Hydralisk x2  
  138  10:05  Zergling x8  
  131  10:17  Hydralisk x4  
  131  10:18  Hydralisk  
  141  10:22  Hydralisk  
  141  10:24  Drone  
  141  10:25  Hydralisk  
  141  10:28  Hydralisk  
  140  10:30  Hydralisk  
  140  10:33  Hydralisk  
  121  10:37  Hydralisk  
  121  10:40  Hydralisk  
  121  10:41  Queen x2  
  117  10:45  Queen  
  117  10:47  Hydralisk  
  117  10:48  Hydralisk  
  123  10:51  Hydralisk  
  123  10:53  Hydralisk  
  123  10:55  Hydralisk  
  129  10:58  Hydralisk  
  129  11:00  Hydralisk  
  129  11:03  Hydralisk  
  133  11:05  Hydralisk  
  133  11:07  Hydralisk  
  133  11:10  Hydralisk  
  141  11:13  Hydralisk  
  141  11:15  Hydralisk  
  141  11:17  Hydralisk  
  147  11:19  Hydralisk  
  147  11:25  Hydralisk x2  
  153  11:26  Hydralisk  
  155  11:33  Hydralisk  
  155  11:34  Hydralisk  
  155  11:37  Overlord x2  
  159  11:45  Hydralisk  
  138  11:54  Hydralisk x3  
  138  11:55  Hydralisk x2  
  138  11:59  Hydralisk x2  
  138  12:01  Hydralisk  
  152  12:02  Hydralisk  
  152  12:06  Hydralisk x2  
  158  12:09  Hydralisk  
  158  12:12  Hydralisk  
  158  12:18  Hydralisk x2  
  158  12:22  Hydralisk x2  
  146  12:25  Hydralisk  
  146  12:29  Hydralisk  
  136  12:30  Hydralisk  
  136  12:32  Zergling x2  
  136  12:36  Hydralisk  
  135  12:37  Hydralisk  

Tags
 
Add a new tag
Caveats
  • Supply blocks, unpowered buildings, or Contaminate may cause inaccurate times.
  • Supply counts are checked every 10 seconds.